 Dungeon Crawl Stone Soup version 0.30.0-19-g36f170ea60 (webtiles) character file.

Game seed: 234452788304175176

27 McKennaii the Conjurer (level 2, -3/20 HPs)
             Began as a Demigod Conjurer on May 26, 2023.
             Slain by a gnoll
             ... wielding a +0 spear
              (7 damage)
             ... on level 2 of the Dungeon.
             The game lasted 00:01:38 (902 turns).

McKennaii the Conjurer (Demigod Conjurer)            Turns: 902, Time: 00:01:39

Health: -3/20      AC:  2    Str:  8    XL:     2   Next: 72%
Magic:  4/7        EV: 12    Int: 20    God:
Gold:   72         SH:  0    Dex: 12    Spells: 4/5 levels left

rFire   . . .        j - +0 whip (vamp)
rCold   . . .        (no shield)
rNeg    . . .        a - +0 robe
rPois   .            (no helmet)
rElec   .            (no cloak)
rCorr   .            (no gloves)
SInv    .            (no boots)
Will    .....        (no amulet)
Stlth   ++           d - +4 ring of slaying
HPRegen 0.23/turn    (no ring)
MPRegen 0.10/turn

%: no passive effects
@: no status effects
A: high MP 1, forlorn, divine attributes
a: no special abilities


You were on level 2 of the Dungeon.
You visited 1 branch of the dungeon, and saw 2 of its levels.

You collected 72 gold pieces.

Inventory:

Hand Weapons
 j - a +0 vampiric whip (weapon)
Armour
 a - a +0 robe (worn)
Jewellery
 d - a +4 ring of slaying (left hand)
Scrolls
 c - a scroll of vulnerability {unknown}
 f - a scroll of silence {unknown}
 g - a scroll of poison {unknown}
 h - 4 scrolls of identify {unknown}
 i - a scroll of teleportation {unknown}
Potions
 b - a potion of magic
 e - a potion of brilliance {unknown}
 k - 2 potions of curing {unknown}
 l - 2 potions of mutation {unknown}


   Skills:
 - Level 1.7 Dodging
 - Level 1.7 Stealth
 + Level 2.4 Spellcasting
 + Level 4.1 Conjurations


You had 4 spell levels left.
You knew the following spells:

 Your Spells              Type           Power      Damage    Failure   Level
a - Magic Dart            Conj           72%        1d6       2%          1

Your spell library contained the following spells:

 Spells                   Type           Power      Damage    Failure   Level
 Searing Ray              Conj           36%        2d5       4%          2
 Dazzling Flash           Conj/Hex       20%        N/A       21%         3
 Fulminant Prism          Conj/Hex       5%         3d7       54%         4
 Iskenderun's Mystic Bla  Conj/Tloc      10%        2d4       54%         4


Dungeon Overview and Level Annotations

Branches:
Dungeon (2/15)


Innate Abilities, Weirdness & Mutations

You have an increased reservoir of magic. (+10% MP)
You shall have no god before yourself.
Your divine heritage dramatically boosts your attributes as you level up.


Message History

The jackal barely misses you.
You hit the jackal.
You feel better.
The jackal is moderately wounded.
The jackal closely misses you.
You whack the jackal!
You feel better.
You kill the jackal!
The ball python bites you. The ball python barely misses you.
You hit the ball python.
You feel better.
You kill the ball python!
The gnoll hits you from afar with a +0 spear!
The gnoll hits you with a +0 spear.
Things that are here:
a ball python corpse; a jackal corpse; a jackal corpse You are too injured to fight recklessly!
You are too injured to fight recklessly!
You are too injured to fight recklessly!
Casting: Magic Dart (safe; 2% risk of failure)
Confirm with . or Enter, or press ? or * to list all spells.
Aiming: Magic Dart (safe; 2% risk of failure)
Press: ? - help, Shift-Dir - straight line, f - gnoll
Aim: a gnoll, wielding a +0 spear (100% to hit)
The magic dart hits the gnoll.
The gnoll is heavily wounded.
The gnoll hits you with a +0 spear!
* * * LOW HITPOINT WARNING * * *
Casting: Magic Dart (safe; 2% risk of failure)
Confirm with . or Enter, or press ? or * to list all spells.
Aiming: Magic Dart (safe; 2% risk of failure)
Press: ? - help, Shift-Dir - straight line, f/p - gnoll
Aim: a gnoll, wielding a +0 spear (moderately wounded, 100% to hit)
Okay, then.
Casting: Magic Dart (safe; 2% risk of failure)
Confirm with . or Enter, or press ? or * to list all spells.
You don't know that spell.
Unknown command.
You are too injured to fight recklessly!
You hit the gnoll.
You feel better.
The gnoll is almost dead.
The gnoll hits you with a +0 spear!
You die...

### .##.# .# #..
...##.# #.# ......
## #.# .... .# #.#
... .####### #.#
#.# .......#
#.#####g#
.#####.####.....@.#
.# #.....########
.# #####.# ## #.#
#.# ####### #.#
....... #.# ...#
#.# ...## #.###


You could see a gnoll.

Vanquished Creatures
  A dart slug (D:1)
  4 bats (D:1)
  3 endoplasms
  A goblin (D:1)
  2 jackals (D:2)
  3 kobolds (D:1)
  A quokka (D:2)
  5 ball pythons
  A rat (D:1)
21 creatures vanquished.

Notes
Turn   | Place    | Note
-------+----------+-------------------------------------------
     0 | D:1      | McKennaii the Demigod Conjurer began the quest for the Orb.
     0 | D:1      | Reached XP level 1. HP: 14/14 MP: 5/5
   332 | D:1      | Reached XP level 2. HP: 20/20 MP: 0/7
   565 | D:1      | Reached skill level 4 in Conjurations
   902 | D:2      | Slain by a gnoll

Illustrated notes

Levels and vault maps discovered:
D:1:      lemuel_arrival_river_ford, layout_rooms, minmay_misc_feat_diagonals
D:2:      layout_loops_cross

Skill      XL: |  1  2 |
---------------+-------+-----
Spellcasting   | 2 |  2.4
Conjurations   | 4 |  4.1
Dodging        | |  1.7
Stealth        | |  1.7

Action                     || total
---------------------------++-------
  Melee: Whip              ||    12
         Unarmed           ||     3
   Cast: Magic Dart        ||    41
 Armour: Robe              ||     7
  Dodge: Dodged            ||    39
